 Dungeon Crawl Stone Soup version 0.28.0-53-g5a82cb258f (webtiles) character file.

Game seed: 9738625924141734501

20 mcbry74 the Insei (level 2, 0/21 HPs)
             Began as a Merfolk Transmuter on July 5, 2022.
             Was a Follower of Uskayaw.
             Slain by a goblin
             ... wielding a +0 dagger
              (3 damage)
             ... on level 1 of the Dungeon.
             The game lasted 00:02:57 (955 turns).

mcbry74 the Insei (Merfolk Transmuter)               Turns: 955, Time: 00:02:58

Health: 0/21       AC:  2    Str: 10    XL:     2   Next: 79%
Magic:  4/5        EV: 12    Int: 12    God:    Uskayaw [*.....]
Gold:   49         SH:  0    Dex: 14    Spells: 4/5 levels left

rFire   . . .      SeeInvis .     - Unarmed
rCold   . . .      Faith    .   (no shield)
rNeg    . . .      Spirit   .   a - +0 robe
rPois   .          Reflect  .   (helmet currently unavailable)
rElec   .          Harm     .   (no cloak)
rCorr   .          Rampage  .   (no gloves)
Will    .....                   (boots currently unavailable)
Stlth   +.........              (no amulet)
HPRegen 0.07/turn               (no ring)
MPRegen 0.09/turn               (no ring)

@: appendages (expiring)
A: horns 2, (nimble swimmer 2), mertail
a: End Transformation, Renounce Religion, Stomp


You were on level 1 of the Dungeon.
You worshipped Uskayaw.
Uskayaw was noncommittal.
You had temporarily grown beastly horns.
You visited 1 branch of the dungeon, and saw 1 of its levels.

You collected 49 gold pieces.

Inventory:

Armour
 a - a +0 robe (worn)
Scrolls
 c - a scroll of fog {unknown}
 d - 3 scrolls of summoning {unknown}
 e - a scroll of vulnerability {unknown}
 f - a scroll of teleportation {unknown}
 g - a scroll of enchant armour {unknown}
Potions
 b - 2 potions of heal wounds {unknown}
 h - a potion of curing {unknown}
 i - a potion of might {unknown}


   Skills:
 - Level 1.1 Fighting
 - Level 2.6 Dodging
 + Level 4.4 Unarmed Combat
 - Level 2.0 Spellcasting
 - Level 2.6 Transmutations


You had 4 spell levels left.
You knew the following spells:

 Your Spells              Type           Power      Damage    Failure   Level
a - Beastly Appendage     Tmut           14%        N/A       9%          1

Your spell library contained the following spells:

 Spells                   Type           Power      Damage    Failure   Level
 Wereblood                Tmut           7%         N/A       14%         2
 Spider Form              Tmut/Pois      4%         N/A       43%         3
 Ice Form                 Ice/Tmut       4%         N/A       83%         4


Dungeon Overview and Level Annotations

Branches:
Dungeon (1/15)

Altars:
Uskayaw


Innate Abilities, Weirdness & Mutations

You have temporarily grown beastly horns.
((You are very nimble when in or above water. (Stealth+, EV+, Speed+++)))
Your lower body shifts to a powerful aquatic tail in water.


Message History

The goblin is heavily wounded.
You closely miss the goblin. Your headbutt misses the goblin.
The goblin is heavily wounded.
The goblin hits you with a +0 dagger.
You closely miss the goblin.
The goblin is heavily wounded.
The ball python bites you but does no damage.
The ball python grabs you. The ball python constricts you.
The goblin hits you but does no damage.
You miss the goblin.
The goblin is heavily wounded.
The ball python bites you but does no damage.
The ball python constricts you. The goblin hits you with a +0 dagger.
You barely miss the goblin.
The goblin is heavily wounded.
The ball python bites you. The ball python constricts you.
The goblin hits you with a +0 dagger.
* * * LOW HITPOINT WARNING * * *
You hit the ball python.
You kill the ball python!
The goblin hits you with a +0 dagger.
* * * LOW HITPOINT WARNING * * *
The goblin barely misses you.
You see here a ball python corpse.
You closely miss the goblin.
The goblin is heavily wounded.
Your horns disappear.
The goblin hits you with a +0 dagger.
* * * LOW HITPOINT WARNING * * *
Found a stone staircase leading down.
The goblin enters a dispersal trap!
You blink.
The goblin blinks!
You see here a quokka corpse.
Casting: Beastly Appendage (safe; 9% risk of failure)
Confirm with . or Enter, or press ? or * to list all spells.
You grow a pair of large bovine horns.
Your transformation is almost over.
You closely miss the goblin.
The goblin is moderately wounded.
The goblin hits you with a +0 dagger.
You die...

# #. ### ###########. #..
..#########..........## #.#
#.##..g..........###..# #.#
#.##†#####............. #.#
#.##.g@................ #.#
######.##..#####..###.##...# #.#
#..........# #..# #.###.##
##.###.####.###.# #.[# #.......
.....#.# #......# #..# #.###...
.###.#.###...#..# #..###..##.##
.# #.........#..# #..##.......#
.###.#....†..#..#####..##)..##..#
.........>..............†........


You could see a goblin.

Vanquished Creatures
  A dart slug (D:1)
  3 endoplasms (D:1)
  A giant cockroach (D:1)
  3 goblins (D:1)
  A quokka (D:1)
  2 ball pythons (D:1)
  3 bats (D:1)
  A frilled lizard (D:1)
  A kobold (D:1)
  A rat (D:1)
17 creatures vanquished.

Notes
Turn   | Place    | Note
-------+----------+-------------------------------------------
     0 | D:1      | mcbry74 the Merfolk Transmuter began the quest for the Orb.
     0 | D:1      | Reached XP level 1. HP: 15/15 MP: 3/3
    89 | D:1      | Reached XP level 2. HP: 10/21 MP: 3/5
   261 | D:1      | Found a faded altar of an unknown god.
   273 | D:1      | Reached skill level 4 in Unarmed Combat
   520 | D:1      | Prayed at the altar of an unknown god.
   520 | D:1      | Became a worshipper of Uskayaw the Reveller
   520 | D:1      | Reached * piety under Uskayaw
   538 | D:1      | Reached ** piety under Uskayaw
   924 | D:1      | HP: 1/21 [goblin/+0 dagger (3)]
   955 | D:1      | Slain by a goblin

Illustrated notes

Levels and vault maps discovered:
D:1:      minmay_arrival_cross, layout_loops_ring,
          hellmonk_ecumenical_altar_zigzags

Skill      XL: |  1  2 |
---------------+-------+-----
Unarmed Combat | 4 |  4.4
Fighting       | |  1.1
Dodging        | |  2.6
Spellcasting   | |  2.0
Transmutations | |  2.6

Action                   || total
-------------------------++-------
Melee: Unarmed           ||    64
       Headbutt          ||     6
       Punch             ||     2
 Cast: Beastly Appendage ||     9
Armor: Robe              ||    20
Dodge: Dodged            ||    40
